 Dungeon Crawl Stone Soup version 0.20-a0-428-g059cf21 (webtiles) character file.

58976 bration the Eclecticist (level 14, -21/74 HPs)
             Began as a Deep Elf Fire Elementalist on Dec 30, 2016.
             Was a High Priest of Vehumet.
             Hit by a large rock thrown by a cyclops (39 damage)
             ... on level 12 of the Dungeon on Jan 1, 2017.
             The game lasted 01:44:13 (24507 turns).

bration the Eclecticist (DEFE)                     Turns: 24507, Time: 01:44:14

Health: -21/74     AC:  9    Str: 15    XL:     14   Next: 51%
Magic:  2/37       EV: 19    Int: 22    God:    Vehumet [*****.]
Gold:   1352       SH:  2    Dex: 15    Spells: 22/47 levels left

rFire  . . .     SeeInvis .     j - +1 trident of Past Mistakes {elec, Str+10 Int-4}
rCold  . . .     Gourm    .     J - +2 robe {MR+}
rNeg   . . .     Faith    .     (no shield)
rPois  .         Spirit   .     T - +2 hat {MR+}
rElec  .         Reflect  +     I - +0 cloak
rCorr  .         Harm     .     q - -1 pair of gloves "Caxyutsa" {Regen+ Stlth+}
MR     +++..                    (no boots)
Stlth  ++++......               A - +2 amulet of reflection
                                x - ring of stealth
                                N - ring of wizardry

@: very slightly contaminated, drained
A: slimy green scales 1, robust 1
a: Renounce Religion


You were on level 12 of the Dungeon.
You worshipped Vehumet.
Vehumet was extremely pleased with you.
You were not hungry.

You visited 3 branches of the dungeon, and saw 19 of its levels.
You also visited: Ossuary and Ice Cave.

You collected 1352 gold pieces.

Inventory:

Hand Weapons
 j - the +1 trident of Past Mistakes (weapon) {elec, Str+10 Int-4}
   (You found it on level 6 of the Lair of Beasts)

   Occasionally, upon striking a foe, it will discharge some electrical energy
   and cause terrible harm.
   It affects your strength (+10).
   It affects your intelligence (-4).
 l - a +5 demon trident
Armour
 q - the -1 pair of gloves "Caxyutsa" (worn) {Regen+ Stlth+}
   (You found it in an ice cave)

   It increases your rate of regeneration.
   It makes you more stealthy.
 E - a +2 pair of gloves
 I - a +0 cloak (worn)
 J - a +2 robe of magic resistance (worn)
 T - a +2 hat of magic resistance (worn)
Magical Staves
 w - an uncursed staff of cold
 V - an uncursed staff of energy
Jewellery
 s - an uncursed amulet of faith {unknown}
 x - a ring of stealth (right hand)
 A - a +2 amulet of reflection (around neck)
 N - a ring of wizardry (left hand)
 Y - an uncursed ring of protection from fire
Wands
 g - a wand of lightning (7/15)
 o - a wand of acid (4/15)
 z - a wand of lightning (3/15)
 K - a wand of iceblast (4/15)
 L - a wand of disintegration (20/24)
 X - a wand of acid (9/15)
 Z - a wand of iceblast (7/15)
Scrolls
 a - 3 scrolls of enchant weapon
 h - 4 scrolls of teleportation
 i - 5 scrolls of remove curse
 n - a scroll of fear
 p - 2 scrolls of recharging
 r - 3 scrolls of enchant armour
 y - a scroll of summoning {unknown}
 C - a scroll of brand weapon {unknown}
 G - 2 scrolls of holy word
 Q - 3 scrolls of amnesia {unknown}
Potions
 e - 6 potions of curing
 m - 2 potions of ambrosia
 v - 2 potions of cancellation
 D - a potion of lignification
 H - 2 potions of might
 S - a potion of haste
 U - a potion of agility
Books
 b - a book of Flames

   Spells                             Type                      Level
   a - Flame Tongue                   Conjuration/Fire             1
   b - Throw Flame                    Conjuration/Fire             2
   c - Conjure Flame                  Conjuration/Fire             3
   d - Inner Flame                    Hexes/Fire                   3
   e - Sticky Flame                   Conjuration/Fire             4
   f - Fireball                       Conjuration/Fire             5
 t - a book of Ice

   Spells                             Type                      Level
   a - Ice Form                       Ice/Transmutation            4
   b - Metabolic Englaciation         Hexes/Ice                    5
   c - Ozocubu's Refrigeration        Ice                          6
   d - Bolt of Cold                   Conjuration/Ice              6
   e - Freezing Cloud                 Conjuration/Ice/Air          6
   f - Simulacrum                     Ice/Necromancy               6
 u - a book of Necromancy

   Spells                             Type                      Level
   a - Pain                           Necromancy                   1
   b - Animate Skeleton               Necromancy                   1
   c - Vampiric Draining              Necromancy                   3
   d - Regeneration                   Charms/Necromancy            3
   e - Animate Dead                   Necromancy                   4
   f - Control Undead                 Necromancy                   4
 F - a book of Maledictions

   Spells                             Type                      Level
   a - Corona                         Hexes                        1
   b - Ensorcelled Hibernation        Hexes/Ice                    2
   c - Confuse                        Hexes                        3
   d - Tukima's Dance                 Hexes                        3
   e - Dazzling Spray                 Conjuration/Hexes            3
 M - a book of Frost

   Spells                             Type                      Level
   a - Freeze                         Ice                          1
   b - Throw Frost                    Conjuration/Ice              2
   c - Ozocubu's Armour               Charms/Ice                   3
   d - Throw Icicle                   Conjuration/Ice              4
   e - Summon Ice Beast               Ice/Summoning                4
 W - a book of Transfigurations

   Spells                             Type                      Level
   a - Irradiate                      Conjuration/Transmutation    5
   b - Statue Form                    Transmutation/Earth          6
   c - Hydra Form                     Transmutation                6
   d - Dragon Form                    Transmutation                7
Comestibles
 c - 8 bread rations
 f - 6 meat rations
 R - 6 beef jerkies


   Skills:
 + Level 10.7(10.5) Dodging
 - Level 2.4(2.2) Stealth
 + Level 17.4(17.2) Spellcasting
 + Level 14.9(14.7) Conjurations
 + Level 15.0(14.8) Fire Magic


You had 22 spell levels left.
You knew the following spells:

 Your Spells              Type           Power        Failure   Level  Hunger
a - Flame Tongue          Conj/Fire      #####        0%          1    None
b - Throw Flame           Conj/Fire      ######       0%          2    None
c - Conjure Flame         Conj/Fire      ######..     1%          3    None
d - Sticky Flame          Conj/Fire      ######..     1%          4    None
e - Fireball              Conj/Fire      ######....   1%          5    ##.....
f - Stone Arrow           Conj/Erth      ######       1%          3    None
g - Animate Skeleton      Necr           N/A          1%          1    None
h - Ignite Poison         Fire/Tmut/Pois #####...     1%          3    None
i - Regeneration          Chrm/Necr      ###.......   4%          3    None


Dungeon Overview and Level Annotations

Branches:
Dungeon (12/15)            Temple (1/1) D:5            Lair (6/6) D:10
  Swamp (0/4) Lair:4        Snake (0/4) Lair:4        Slime (0/5) Lair:6
    Orc (0/2) D:11

Altars:
Dithmenos
Elyvilon
Fedhas
Hepliaklqana
Makhleb
Okawaru
Uskayaw
Vehumet
Yredelemnul
Zin
Beogh
Jiyva

Annotations:
Lair:6 1 runed door


Innate Abilities, Weirdness & Mutations

You are partially covered in slimy green scales. (AC +2)
You are robust. (+10% HP)


Message History

Found a robe.
Found a stone staircase leading down.
Casting: Sticky Flame
Confirm with . or Enter, or press ? or * to list all spells.
Aiming: Fireball
Press: ? - help, Shift-Dir - straight line, f - Rupert
Aim: Rupert, wielding a triple sword of draining and wearing a scale mail (almost dead, berserk, fast, unusually strong, covered in liquid flames)
The fireball explodes!
The fireball engulfs Rupert.
You kill Rupert!
Vehumet accepts your kill.
Your base Fire Magic skill increases to level 15!
Unknown command.
A cyclops comes into view.
The cyclops throws a large rock.
The large rock hits you!!
* * * LOW HITPOINT WARNING * * *
You see here a large rock.
As you read the scroll of fog, it crumbles to dust.
The scroll dissolves into smoke.
The cyclops throws a large rock.
The large rock hits you!!!
Ouch! That really hurt!
You die...

. ..>.... .##..
# ....... .#.. #
#...... ... #
#.....#####.## #
##..........## #
##.)).........##
###
#....).........#
@.#
#.).....§§§§...#
#....#
#...)...§@§....#
$ ##.#
#.......§§§....#
..
#......§.......#
#..
#......<...)..##
##.#
#............##
# .#
...C.....##### #
# #).....###
.....## #....


You could see a cyclops.

Vanquished Creatures
  Rupert (D:12)
  Gastronok (D:9)
  4 hydras
  Erica (D:9)
  2 centaur warriors (D:10)
  3 two-headed ogres
  Urug (D:10)
  A necromancer (IceCv)
  3 oklob plants (Lair:6)
  A black mamba (Lair:3)
  Maurice (D:8)
  An ice statue (IceCv)
  7 elephants
  2 torpor snails
  21 spiny frogs
  A gargoyle (D:11)
  A tengu conjurer (D:10)
  An ice devil (Lair:6)
  10 freezing wraiths (IceCv)
  5 komodo dragons
  A meliai (D:12)
  A polar bear (Lair:6)
  2 tyrant leeches (Lair:6)
  28 blink frogs
  Prince Ribbit (D:8)
  2 dream sheep (Lair:4)
  6 hippogriffs
  Sigmund (D:6)
  3 wyverns
  A shadow (D:11)
  4 basilisks
  28 yaks
  A steam dragon (Lair:3)
  2 hungry ghosts
  2 death yak simulacra (IceCv)
  Grum (D:11)
  4 vampire mosquitoes (Lair:6)
  13 water moccasins
  7 porcupines
  2 orc warriors
  8 ice beasts
  A sky beast (D:9)
  A phantom (D:7)
  5 ogres
  15 wolves
  A necrophage (D:6)
  7 centaurs
  8 crocodiles
  2 big kobolds
  21 bullfrogs
  A gnoll sergeant (D:9)
  12 scorpions
  An elephant simulacrum (IceCv)
  9 wights
  A vampire bat (D:3)
  10 howler monkeys
  An electric eel (Lair:6)
  2 centaur zombies
  3 crimson imps
  5 draconian simulacra (IceCv)
  10 hounds
  5 jellies
  A gnoll shaman (D:11)
  4 human zombies (Ossuary)
  5 orc priests
  3 bullfrog skeletons
  7 orc wizards
  3 iguanas
  11 worker ants
  2 hell rats (Lair:4)
  4 troll simulacra (IceCv)
  2 spriggan simulacra (IceCv)
  A wolf simulacrum (IceCv)
  3 big kobold zombies (Ossuary)
  2 centaur simulacra (IceCv)
  2 hound skeletons
  3 mummies (Ossuary)
  2 howler monkey skeletons
  16 adders
  9 gnolls (D:9)
  A scorpion zombie (Ossuary)
  4 naga simulacra (IceCv)
  3 ogre simulacra (IceCv)
  3 shadow imps
  12 white imps (IceCv)
  An ooze (D:3)
  An adder skeleton (D:9)
  8 worms
  2 dart slugs
  4 leopard geckos
  28 orcs
  5 giant cockroaches
  10 goblins
  8 hobgoblins
  10 jackals
  14 kobolds
  8 quokkas
  2 ball pythons
  14 bats
  6 frilled lizards
  2 goblin zombies (Ossuary)
  2 hobgoblin zombies (Ossuary)
  2 kobold zombies (Ossuary)
  A leopard gecko zombie (D:6)
  3 orc zombies (Ossuary)
  A quokka skeleton (D:7)
  A quokka zombie (D:8)
  5 rats
  2 fungi
550 creatures vanquished.

Vanquished Creatures (collateral kills)
  A hydra (Lair:6)
  A death yak (Lair:5)
  An elephant (Lair:5)
  3 black mambas
  7 spiny frogs
  An ice devil (Lair:6)
  A komodo dragon (Lair:6)
  2 tyrant leeches (Lair:6)
  A polar bear (Lair:5)
  7 blink frogs (Lair:6)
  A hippogriff (Lair:4)
  A yak (Lair:4)
  A wyvern (Lair:3)
  4 vampire mosquitoes (Lair:6)
  3 insubstantial wisps
  2 water moccasins (Lair:6)
  2 porcupines
  A swamp drake (Lair:6)
  A wolf (Lair:4)
  2 crocodiles
  6 bullfrogs (Lair:6)
  4 hell rats (Lair:4)
  A plant (Lair:6)
54 creatures vanquished.

Vanquished Creatures (others)
  29 fungi
  53 plants (Lair:6)
82 creatures vanquished.

Grand Total: 686 creatures vanquished

Notes
Turn   | Place    | Note
-------+----------+-------------------------------------------
     0 | D:1      | bration the Deep Elf Fire Elementalist began the quest for the Orb.
     0 | D:1      | Reached XP level 1. HP: 10/10 MP: 6/6
   185 | D:1      | Reached XP level 2. HP: 15/15 MP: 0/8
   256 | D:1      | Learned a level 2 spell: Throw Flame
   505 | D:1      | Reached XP level 3. HP: 19/19 MP: 1/10
  1178 | D:2      | Reached skill level 4 in Spellcasting
  1611 | D:2      | Reached XP level 4. HP: 24/24 MP: 7/12
  1974 | D:3      | Learned a level 3 spell: Conjure Flame
  1979 | D:3      | Learned a level 4 spell: Sticky Flame
  2043 | D:3      | Reached XP level 5. HP: 28/28 MP: 1/14
  2171 | D:3      | Reached skill level 5 in Spellcasting
  3044 | D:3      | Reached XP level 6. HP: 32/32 MP: 12/16
  3152 | D:4      | Found a hazy altar of Hepliaklqana.
  3344 | D:4      | Reached skill level 6 in Spellcasting
  3344 | D:4      | Reached skill level 5 in Fire Magic
  3562 | D:4      | Found a sand-covered staircase.
  3570 | Ossuary  | Entered an ossuary
  3699 | Ossuary  | Reached skill level 5 in Conjurations
  3749 | Ossuary  | Reached XP level 7. HP: 36/36 MP: 9/18
  4099 | Ossuary  | Reached skill level 7 in Spellcasting
  4367 | Ossuary  | Reached XP level 8. HP: 36/41 MP: 10/21
  5544 | D:4      | Reached skill level 8 in Spellcasting
  5814 | D:5      | Entered Level 5 of the Dungeon
  6256 | D:5      | Found a staircase to the Ecumenical Temple.
  6286 | Temple   | Entered the Ecumenical Temple
  6299 | Temple   | Became a worshipper of Vehumet
  6715 | D:5      | Learned a level 5 spell: Fireball
  7288 | D:6      | Reached skill level 9 in Spellcasting
  7472 | D:6      | Noticed Sigmund
  7477 | D:6      | Killed Sigmund
  7477 | D:6      | Reached XP level 9. HP: 42/45 MP: 10/24
  7594 | D:6      | Reached * piety under Vehumet
  7594 | D:6      | Offered knowledge of Sting by Vehumet.
  8770 | D:7      | Reached skill level 10 in Spellcasting
  8928 | D:7      | Found a white marble altar of Elyvilon.
  8956 | D:7      | Noticed a two-headed ogre
  8962 | D:7      | Killed a two-headed ogre
  9006 | D:7      | Reached skill level 11 in Spellcasting
  9293 | D:7      | Offered knowledge of Magic Dart by Vehumet.
  9316 | D:7      | Reached ** piety under Vehumet
  9316 | D:7      | Reached XP level 10. HP: 50/50 MP: 7/27
  9865 | D:8      | Noticed Maurice
  9874 | D:8      | Noticed Prince Ribbit
  9883 | D:8      | Killed Maurice
  9888 | D:8      | Killed Prince Ribbit
 10132 | D:8      | Found a shadowy altar of Dithmenos.
 10133 | D:8      | Noticed a two-headed ogre
 10145 | D:8      | Killed a two-headed ogre
 10145 | D:8      | Reached skill level 10 in Conjurations
 10145 | D:8      | Reached skill level 10 in Fire Magic
 10927 | D:9      | Noticed Erica
 10932 | D:9      | Killed Erica
 10932 | D:9      | Reached skill level 12 in Spellcasting
 11125 | D:9      | Noticed a two-headed ogre
 11130 | D:9      | Killed a two-headed ogre
 11378 | D:9      | Found a glowing silver altar of Zin.
 11378 | D:9      | Found a blossoming altar of Fedhas.
 11393 | D:9      | Noticed Gastronok
 11410 | D:9      | Killed Gastronok
 11410 | D:9      | Reached XP level 11. HP: 29/54 MP: 5/29
 11786 | D:9      | Reached skill level 13 in Spellcasting
 11906 | D:10     | Entered Level 10 of the Dungeon
 11974 | D:10     | Noticed a centaur warrior
 11980 | D:10     | Offered knowledge of Stone Arrow by Vehumet.
 11981 | D:10     | Killed a centaur warrior
 12068 | D:10     | Learned a level 3 spell: Stone Arrow
 12213 | D:10     | Found a staircase to the Lair.
 12302 | D:10     | Noticed a centaur warrior
 12306 | D:10     | HP: 1/54 [centaur warrior/arrow (34)]
 12334 | D:10     | Killed a centaur warrior
 12346 | D:10     | Learned a level 1 spell: Animate Skeleton
 12353 | D:10     | Noticed Urug
 12466 | D:10     | Gained mutation: You are partially covered in slimy green scales. (AC +2) [potion of beneficial mutation]
 12541 | D:10     | Killed Urug
 12543 | D:10     | Reached *** piety under Vehumet
 12906 | Lair:1   | Entered Level 1 of the Lair of Beasts
 13214 | Lair:1   | Reached skill level 14 in Spellcasting
 13319 | Lair:1   | Offered knowledge of Ignite Poison by Vehumet.
 13329 | Lair:1   | Learned a level 3 spell: Ignite Poison
 14045 | Lair:2   | Reached XP level 12. HP: 59/59 MP: 19/32
 14784 | Lair:2   | Reached **** piety under Vehumet
 15538 | Lair:3   | Offered knowledge of Iskenderun's Battlesphere by Vehumet.
 15538 | Lair:3   | Reached skill level 5 in Dodging
 15539 | Lair:3   | Reached skill level 15 in Spellcasting
 16730 | Lair:4   | Found a staircase to the Snake Pit.
 17266 | Lair:4   | Found a staircase to the Swamp.
 17356 | Lair:4   | Noticed an eight-headed hydra
 17530 | Lair:4   | Killed an eight-headed hydra
 17530 | Lair:4   | Reached XP level 13. HP: 28/63 MP: 19/34
 18479 | Lair:5   | Reached ***** piety under Vehumet
 18479 | Lair:5   | Offered knowledge of Venom Bolt by Vehumet.
 18617 | Lair:5   | Reached skill level 16 in Spellcasting
 18660 | Lair:5   | Gained mutation: You are robust. (+10% HP) [potion of beneficial mutation]
 19370 | Lair:6   | Entered Level 6 of the Lair of Beasts
 19370 | Lair:6   | Found a runed door.
 19370 | Lair:6   | Found a viscous altar of Jiyva.
 19370 | Lair:6   | Found a staircase to the Slime Pits.
 19565 | Lair:6   | Found a frozen archway.
 19626 | Lair:6   | Learned a level 3 spell: Regeneration
 19632 | IceCv    | Entered an ice cave
 20750 | IceCv    | Got a pair of slimy gloves
 20762 | IceCv    | Identified the -1 pair of gloves "Caxyutsa" {Regen+ Stlth+} (You found it in an ice cave)
 20980 | IceCv    | Found an ancient bone altar of Kikubaaqudgha.
 21496 | Lair:6   | HP: 2/69 [tyrant leech (23)]
 21549 | Lair:5   | Offered knowledge of Iskenderun's Mystic Blast by Vehumet.
 21711 | Lair:6   | Reached XP level 14. HP: 69/74 MP: 14/36
 22075 | Lair:6   | Reached skill level 17 in Spellcasting
 22120 | Lair:6   | Reached skill level 10 in Dodging
 22709 | Lair:6   | Got a dazzling trident
 22710 | Lair:6   | Identified the cursed +1 trident of Past Mistakes {elec, Str+10 Int-4} (You found it on level 6 of the Lair of Beasts)
 23041 | Lair:6   | Upgraded the game from 0.20-a0-390-g4892b34 to 0.20-a0-428-g059cf21
 23511 | D:11     | Noticed Grum
 23514 | D:11     | Killed Grum
 23693 | D:11     | Found a staircase to the Orcish Mines.
 24250 | D:11     | Found a roughly hewn altar of Beogh.
 24389 | D:12     | Noticed Rupert
 24501 | D:12     | Killed Rupert
 24501 | D:12     | Reached skill level 15 in Fire Magic
 24507 | D:12     | Hit by a large rock thrown by a cyclops

Vault maps used:
D:1:      dpeg_arrival_morbid_curiosity, solitary_fountain
D:3:      minmay_item_behind_shaft, roderic_batcave
D:4:      kennysheep_mini_moat, first_bread, enter_ossuary_1,
          kennysheep_generic_room_10
D:5:      kennysheep_doodads
D:6:      uniq_sigmund
D:7:      nicolae_overflow_crystal_walls
D:8:      lemuel_crystal_altar, grunt_ogre_cave, uniq_maurice,
          uniq_prince_ribbit1
D:9:      gammafunk_temple_overflow_wave, minmay_misc_feat_nine_boxes,
          uniq_erica, uniq_gastronok
D:10:     minmay_opposing_rooms, lair_entry_dummy, uniq_urug
D:11:     minmay_orc_entry_temple_small, uniq_grum
D:12:     special_room, minivault_11, hex_intersection, uniq_rupert,
          uniq_frances
Temple:   eino_temple_scatter_basement
Lair:1:   beast_lair_carwin_3, serial_bayou_shore_b
Lair:2:   lemuel_old_faithful
Lair:3:   infiniplex_staircase_pool_2, serial_bayou_shore_a
Lair:4:   minmay_swamp_entry_wisps, dummy_snake_entry,
          nicolae_quartered_pool_little
Lair:6:   minmay_lair_end_frog_pond, slime_altar_2,
          portal_ice_cave_demonic_guard, pond, minmay_lair_oklob_chamber
Ossuary:  ossuary_minmay_scorpions
IceCv:    ice_cave_small_necro

Skill      XL: |  1  2  3  4  5  6  7  8  9 10 11 12 13 14 |
---------------+-------------------------------------------+-----
Conjurations   | 2 3 4 5 6 7 9 11 12 13 14 | 14.9
Spellcasting   | 4 5 6 7 9 11 12 14 15 16 17 | 17.4
Fire Magic     | 4 5 6 7 9 11 12 13 14 15 | 15.0
Dodging        | 7 9 10 | 10.7
Stealth        | |  2.4

Action                   |  1- 3 |  4- 6 |  7- 9 | 10-12 | 13-15 || total
-------------------------+-------+-------+-------+-------+-------++-------
Melee: Mace              |     4 |     5 |       |       |       ||     9
       Trident           |       |     5 |   189 |       |     3 ||   197
       Staff             |       |       |       |     2 |       ||     2
       Demon trident     |       |       |       |    33 |    76 ||   109
 Fire: Blowgun           |       |       |     7 |       |       ||     7
 Cast: Flame Tongue      |    64 |   107 |   216 |   126 |    34 ||   547
       Throw Flame       |    14 |    31 |    79 |   241 |   208 ||   573
       Sticky Flame      |       |     1 |     7 |    57 |    76 ||   141
       Conjure Flame     |       |       |    16 |    10 |     1 ||    27
       Fireball          |       |       |     3 |    57 |   118 ||   178
       Animate Skeleton  |       |       |       |     4 |    30 ||    34
Evoke: Wand              |       |       |       |     3 |     2 ||     5
  Use: Scroll            |       |     9 |     4 |    14 |    11 ||    38
       Potion            |       |       |     1 |    14 |     4 ||    19
 Stab: Sleeping          |       |       |     1 |       |       ||     1
       Paralysed         |       |       |       |       |     2 ||     2
       Distracted        |       |       |       |       |     2 ||     2
  Eat: Chunk             |     2 |     6 |    15 |    21 |    13 ||    57
       Beef jerky        |       |     1 |       |     1 |     1 ||     3
       Pizza             |       |       |     1 |     2 |     3 ||     6
       Fruit             |       |       |       |     2 |     1 ||     3
       Royal jelly       |       |       |       |       |     1 ||     1
Armor: Robe              |     4 |    14 |    61 |    31 |    43 ||   153
Dodge: Dodged            |    25 |    36 |   123 |   100 |   159 ||   443
Block: Other             |       |       |       |     7 |    17 ||    24
       Reflection        |       |       |       |       |     2 ||     2
